 Dungeon Crawl Stone Soup version 0.26-a0-188-ga22346179c (webtiles) character file.

Game seed: 14017867410056253659

7 Coward the Grave Robber (level 1, -2/10 HPs)
             Began as a Deep Elf Necromancer on July 4, 2020.
             Shot with a stone by a goblin (4 damage)
             ... on level 3 of the Dungeon.
             The game lasted 00:01:55 (351 turns).

Coward the Grave Robber (Deep Elf Necromancer)       Turns: 351, Time: 00:01:56

Health: -2/10      AC:  2    Str:  5    XL:     1   Next: 83%
Magic:  6/6        EV: 13    Int: 19    God:
Gold:   9          SH:  0    Dex: 15    Spells: 5/6 levels left

rFire    . . .     SeeInvis .   (no weapon)
rCold    . . .     Faith    .   (no shield)
rNeg     . . .     Spirit   .   a - +0 robe
rPois    .         Reflect  .   (no helmet)
rElec    .         Harm     .   (no cloak)
rCorr    .                      (no gloves)
MR       .....                  (no boots)
Stlth    ++........             (no amulet)
HPRegen  0.03/turn              (no ring)
MPRegen  0.10/turn              (no ring)

@: no status effects
A: no striking features
a: no special abilities


You were on level 3 of the Dungeon.
You were not hungry.

You visited 1 branch of the dungeon, and saw 3 of its levels.

You collected 9 gold pieces.

Inventory:

Armour
 a - a +0 robe (worn)
Scrolls
 b - a scroll of identify {unknown}
Comestibles
 c - a ration


   Skills:
 + Level 2.4 Dodging
 + Level 2.4 Stealth
 + Level 3.1 Spellcasting
 + Level 5.2 Necromancy


You had 5 spell levels left.
You knew the following spells:

 Your Spells              Type           Power        Failure   Level  Hunger
a - Pain                  Necr           ###.         1%          1    None

Your spell library contained the following spells:

 Spells                   Type           Power        Failure   Level  Hunger
 Animate Skeleton         Necr           N/A          1%          1    None
 Vampiric Draining        Necr           ###.......   5%          3    ###....
 Animate Dead             Necr           N/A          17%         4    ####...
 Agony                    Necr           ###.....     43%         5    ######.


Dungeon Overview and Level Annotations

Branches:
Dungeon (3/15)

Altars:


Message History

The quokka bites you.
All of the chunks of flesh in your inventory have rotted away.
The quokka bites you.
* * * LOW HITPOINT WARNING * * *
The quokka bites you but does no damage.
As you open the door, it creaks loudly!
You hear a shout!
You hear an angry hiss. x2
The quokka misses you.
A kobold comes into view.
The kobold hits you.
* * * LOW HITPOINT WARNING * * *
There is an open door here.
The kobold barely misses you.
A goblin comes into view. It is wielding a +0 club.
Found a dark potion.
Found a stone staircase leading up and a stone staircase leading down.
The quokka closely misses you.
The goblin unwields a +0 club.
The goblin wields a +0 hunting sling.
The goblin shoots a stone.
The stone hits you.
You die...

.#. ... ### . .. #.. .
# ..#.#.# .. .#.#g# ..
!.#.#.#
#########.....#
######...w...rK....###
#..=....######@.......
#.......# #<....####
#"......# #........#
#......w# ......##.#
#.......# #.#S#.#.# .
#.....<.# ..........
#.......# ##>#.#.#.#..
#.....$.# ...........
#.......#


You could see a worm, an adder, a quokka, a goblin and a kobold.

Vanquished Creatures
  A dart slug (D:2)
  A hobgoblin (D:2)
  A bat (D:2)
  2 kobolds (D:2)
5 creatures vanquished.

Notes
Turn   | Place    | Note
-------+----------+-------------------------------------------
     0 | D:1      | Coward the Deep Elf Necromancer began the quest for the
                  | Orb.
     0 | D:1      | Reached XP level 1. HP: 10/10 MP: 6/6
    10 | D:2      | Reached skill level 5 in Necromancy
   351 | D:3      | Shot with a stone by a goblin

Illustrated notes

Levels and vault maps discovered:
D:1:      dpeg_arrival_long_road, layout_basic
D:2:      layout_rooms, first_ration, nemelex_diamond_rough_becter
D:3:      layout_basic, vehumet_crystals, st_stairs_9,
          minmay_misc_feat_diagonals, minmay_joined_circles, uniq_natasha

Skill      XL: |  1 |
---------------+----+-----
Necromancy     | 5 |  5.2
Dodging        | |  2.4
Stealth        | |  2.4
Spellcasting   | |  3.1

Action                   || total
-------------------------++-------
 Cast: Pain              ||     9
Armor: Robe              ||     3
Dodge: Dodged            ||     5

Table legend:
 A = Non-vault XP
 B = Vault XP
 C = Vault XP percentage of total XP
 D = Non-vault monster count
 E = Vault monster count
 F = Vault count percentage of total count
                 A         B        C        D         E       F
            +---------+---------+-------+---------+---------+-------
      Total |      10 |       0 |   0.0 |       5 |       0 |   0.0
            +---------+---------+-------+---------+---------+-------
        D:2 |      10 |       0 |   0.0 |       5 |       0 |   0.0
            +---------+---------+-------+---------+---------+-------
